Map: Solaris LE

Players

SubN

  • Race: Zerg Zerg
  • League: Diamond
  • Spawn Location: 1:00

CrypReaver - Winner!

  • Race: Protoss Protoss
  • League: Diamond
  • Spawn Location: 7:00

VOD

Have the link to the VOD?

Description

Time

  • Played on: Dec. 22, 2023, midnight
  • Length: 26:41
Show
View Real Time Build Order
Export as new Build Order

SubN Zerg 

Build Orders: Hatch First, Lurkers, Roach Hydra 

Get SALT Encoding   

  12  0:00  Drone  
  13  0:12  Overlord  
  13  0:17  Drone  
  14  0:30  Drone x2  
  16  0:49  Hatchery  
  15  0:52  Drone  
  15  0:56  Drone  
  17  0:59  Drone  
  17  1:04  Extractor  
  17  1:19  Spawning Pool  
  16  1:28  Drone x2  
  16  1:31  Drone  
  19  1:38  Drone  
  20  1:50  Overlord  
  20  2:05  Queen x2  
  24  2:08  Metabolic Boost  
  24  2:20  Drone x4  
  28  2:27  Drone x2  
  30  2:41  Queen  
  30  2:42  Queen  
  34  2:50  Overlord  
  34  3:03  Hatchery  
  33  3:09  Spore Crawler  
  32  3:19  Queen  
  34  3:21  Spore Crawler  
  33  3:30  Lair  
  33  3:33  Drone x3  
  36  3:39  Drone x2  
  38  3:54  Drone x6  
  44  4:05  Overlord  
  44  4:08  Overlord  
  44  4:14  Queen  
  46  4:19  Queen  
  46  4:23  Spore Crawler  
  47  4:28  Roach Warren  
  47  4:30  Evolution Chamber  
  45  4:33  Evolution Chamber  
  43  5:00  Zerg Missile Weapons Level 1  
  43  5:01  Zerg Ground Armor Level 1  
  42  5:07  Glial Reconstitution  
  42  5:09  Drone x12  
  42  5:10  Drone  
  42  5:13  Extractor  
  54  5:14  Extractor  
  54  5:15  Overseer  
  53  5:24  Drone x4, Extractor  
  56  5:32  Queen  
  58  5:38  Overlord x2  
  58  5:41  Overlord  
  58  5:55  Queen  
  58  5:57  Zergling x2  
  61  5:59  Roach x4  
  61  6:00  Roach  
  71  6:05  Drone x3  
  74  6:20  Drone x8  
  74  6:24  Overlord, Extractor  
  81  6:26  Overlord  
  81  6:28  Pneumatized Carapace  
  81  6:39  Overlord x3  
  81  6:47  Hydralisk Den  
  81  6:50  Drone x2  
  81  6:51  Drone x2  
  83  6:58  Zerg Missile Weapons Level 2  
  83  6:59  Zerg Ground Armor Level 2  
  83  7:03  Drone x3  
  83  7:05  Drone x2  
  83  7:07  Drone  
  89  7:09  Overlord  
  89  7:22  Drone  
  90  7:28  Overlord x4  
  90  7:38  Hatchery  
  90  7:42  Hydralisk x4  
  90  7:43  Hydralisk  
  99  7:46  Muscular Augments  
  99  8:00  Roach x6  
  99  8:01  Roach x2  
  99  8:05  Overseer  
  115  8:23  Overlord  
  115  8:24  Overlord  
  115  8:26  Drone x3  
  118  8:27  Drone  
  118  8:29  Hydralisk  
  118  8:30  Hydralisk x4  
  118  8:31  Extractor  
  125  8:50  Grooved Spines  
  125  9:08  Zergling x2  
  125  9:09  Zergling x2  
  127  9:10  Zergling x2  
  127  9:16  Hydralisk x3, Lurker Den  
  127  9:17  Hydralisk x3  
  139  9:24  Hatchery  
  139  9:28  Overlord  
  139  9:29  Zergling x2  
  139  9:33  Queen  
  139  9:36  Drone, Overlord x3  
  139  9:37  Overlord  
  142  9:48  Overlord x3  
  142  9:55  Infestation Pit  
  142  9:58  Overlord  
  142  9:59  Overlord x2  
  141  10:08  Queen  
  141  10:12  Roach x10  
  141  10:13  Roach  
  165  10:28  Hatchery  
  163  10:32  Hive  
  163  10:34  Lurker x5  
  163  10:35  Lurker x6  
  174  10:38  Hydralisk x2  
  174  10:41  Zergling x2  
  174  10:42  Zergling x20  
  189  10:44  Queen  
  189  10:49  Overseer  
  191  10:52  Overseer, Overlord  
  191  10:53  Overlord x3  
  191  11:02  Drone x6  
  197  11:04  Overseer  
  197  11:07  Extractor  
  197  11:10  Overseer  
  184  11:36  Roach  
  184  11:37  Roach x5  
  154  11:56  Zerg Missile Weapons Level 3, Zerg Ground Armor Level 3  
  154  11:58  Seismic Spines  
  154  12:00  Queen  
  156  12:01  Drone  
  156  12:02  Drone x2  
  156  12:03  Drone  
  156  12:04  Drone x5  
  156  12:06  Drone  
  166  12:09  Extractor  
  165  12:25  Zergling x8  
  169  12:31  Hydralisk x3  
  169  12:32  Hydralisk x2  
  169  12:33  Zergling x2  
  169  12:34  Roach  
  169  12:35  Roach x3  
  188  12:37  Overseer  
  188  12:38  Overseer  
  188  12:40  Overseer  
  188  12:51  Drone x2  
  188  12:52  Drone  
  188  12:55  Adaptive Talons  
  191  13:02  Hatchery, Extractor  
  191  13:05  Extractor  
  133  13:58  Drone x3  
  133  13:59  Drone x3  
  133  14:00  Drone x4  
  133  14:01  Drone x6  
  149  14:05  Viper  
  149  14:06  Viper x2  
  149  14:09  Roach  
  160  14:10  Roach x10  
  173  14:35  Hydralisk  
  173  14:36  Hydralisk x4  
  183  14:42  Drone  
  183  14:43  Drone x3  
  183  14:45  Queen  
  187  14:47  Roach  
  187  14:48  Roach x4  
  187  14:50  Overseer x2  
  199  14:57  Overseer  
  199  15:30  Spine Crawler  
  199  15:32  Spine Crawler  
  199  15:33  Spine Crawler x2  
  195  15:36  Spine Crawler  
  168  16:22  Hydralisk x13  
  168  16:23  Hydralisk x3  
  198  16:52  Lurker x3  
  200  17:28  Spine Crawler  
  199  17:32  Spine Crawler x2  
  199  17:33  Spine Crawler  
  199  17:36  Zergling x2  
  199  17:37  Zergling x6  
  200  17:45  Hatchery  
  200  17:46  Extractor  
  200  17:48  Extractor  
  155  18:27  Hydralisk  
  155  18:28  Hydralisk x13  
  179  18:40  Hydralisk x3  
  179  18:41  Hydralisk x5  
  185  18:43  Lurker x5  
  164  19:36  Zergling x14  
  164  19:37  Zergling x12  
  177  19:41  Viper x2  
  177  19:42  Viper x3  
  186  19:49  Spire  
  186  19:51  Spire  
  186  19:53  Roach x6  
  183  20:23  Spine Crawler  
  169  20:42  Drone  
  169  20:43  Drone  
  169  20:45  Drone x3  
  171  20:53  Unknown  
  171  20:56  Spine Crawler  
  169  20:57  Spine Crawler x2  
  169  20:58  Spine Crawler  
  169  21:03  Corruptor x6  
  169  21:04  Corruptor x11  
  200  21:12  Hatchery  
  197  21:45  Corruptor  
  175  22:03  Corruptor x3  
  175  22:04  Corruptor x3  
  185  22:09  Viper x4  
  197  22:19  Drone x3  
  197  22:20  Hatchery  
  191  22:52  Corruptor  
  191  22:53  Corruptor x7  
  199  23:03  Corruptor x3  
  193  23:26  Corruptor x7  
  193  23:27  Corruptor x5  
  133  24:03  Corruptor x16  
  133  24:04  Corruptor x13  
  133  24:09  Queen  
  193  24:18  Drone x2  
  193  24:21  Extractor  
  193  24:22  Drone x2, Extractor  
  193  24:23  Drone  
  199  24:24  Drone x2  
  155  24:59  Viper x2  
  150  25:01  Zergling x2  
  150  25:02  Zergling x30  
  166  25:10  Overseer  
  150  25:25  Corruptor  
  150  25:26  Corruptor x3  
  144  25:28  Zergling x2  
  144  25:29  Zergling x14  
  142  25:55  Zergling x28  
  84  26:32  Hatchery  
  84  26:36  Extractor x2  
Show
View Real Time Build Order
Export as new Build Order

CrypReaver Protoss - Winner!

Build Orders: 1 Gate Expand, Carriers 

Get SALT Encoding   

  12  0:00  Probe  
  13  0:12  Probe  
  14  0:19  Pylon  
  14  0:24  Probe  
  15  0:37  Probe (Chrono Boost)  
  16  0:43  Gateway  
  16  0:47  Probe (Chrono Boost)  
  16  0:49  Assimilator  
  17  0:53  Probe  
  18  1:05  Probe  
  19  1:17  Probe  
  20  1:29  Probe, Nexus  
  21  1:42  Cybernetics Core  
  21  1:46  Probe  
  22  1:53  Pylon  
  22  1:57  Assimilator  
  22  2:06  Probe  
  23  2:15  Adept (Chrono Boost)  
  23  2:21  Probe  
  26  2:28  Stargate  
  26  2:35  Probe (Chrono Boost)  
  26  2:36  Warp Gate  
  27  2:42  Probe (Chrono Boost)  
  30  2:51  Probe x2 (Chrono Boost)  
  30  2:53  Zealot  
  30  2:57  Probe (Chrono Boost)  
  30  2:58  Probe (Chrono Boost)  
  33  3:00  Pylon  
  34  3:10  Probe x2 (Chrono Boost)  
  36  3:18  Probe x2 (Chrono Boost)  
  36  3:19  Void Ray  
  42  3:20  Adept  
  44  3:29  Probe x2  
  46  3:36  Twilight Council  
  46  3:39  Gateway  
  46  3:41  Gateway  
  46  3:45  Probe x2  
  48  3:50  Gateway  
  48  4:08  Probe  
  49  4:15  Probe  
  50  4:17  Assimilator  
  50  4:19  Pylon  
  50  4:20  Probe  
  51  4:27  Probe  
  52  4:32  Pylon  
  52  4:37  Oracle  
  55  4:50  Probe x2  
  55  5:02  Probe  
  55  5:06  Probe  
  55  5:08  Resonating Glaives (Chrono Boost), Zealot x2  
  55  5:09  Adept x2  
  66  5:14  Oracle, Probe  
  66  5:17  Shield Battery  
  66  5:19  Forge  
  66  5:21  Pylon, Assimilator  
  67  5:24  Pylon x2  
  67  5:25  Nexus  
  67  5:28  Pylon  
  67  5:29  Stalker  
  67  5:35  Probe  
  70  5:39  Probe  
  71  5:47  Protoss Ground Weapons Level 1 (Chrono Boost)  
  71  5:48  Probe  
  72  5:51  Probe, Stalker  
  72  5:52  Stalker x3  
  81  6:18  Gateway  
  81  6:19  Shield Battery  
  81  6:24  Photon Cannon  
  81  6:29  Gateway  
  81  6:33  Probe  
  81  6:34  Probe  
  83  6:46  Probe  
  84  6:49  Charge  
  84  6:52  Zealot x2  
  84  6:53  Zealot  
  90  6:54  Probe x2  
  90  7:00  Stalker  
  94  7:20  Probe x2  
  96  7:24  Assimilator  
  96  7:28  Assimilator  
  96  7:30  Protoss Ground Weapons Level 2 (Chrono Boost)  
  96  7:31  Pylon, Probe, Gateway  
  96  7:32  Probe, Stalker x4  
  96  7:33  Pylon  
  106  7:39  Zealot  
  108  7:44  Forge  
  108  7:46  Robotics Facility  
  108  7:51  Oracle  
  111  7:58  Pylon  
  111  8:06  Zealot x3  
  111  8:07  Zealot x3  
  123  8:21  Templar Archives  
  117  8:42  Immortal  
  117  8:46  Protoss Ground Armor Level 1 (Chrono Boost)  
  121  8:49  Photon Cannon  
  121  8:52  Photon Cannon  
  109  9:03  Stalker x2  
  109  9:04  Stalker x5  
  109  9:08  Psionic Storm  
  123  9:12  Robotics Bay  
  123  9:13  Photon Cannon  
  123  9:25  Pylon  
  123  9:27  Pylon  
  123  9:29  Gateway  
  123  9:32  Gateway  
  123  9:35  Gateway, Nexus  
  123  9:36  Pylon  
  123  9:38  Pylon  
  123  9:39  Pylon  
  123  9:41  Pylon  
  123  9:48  Probe x3  
  126  10:00  Probe x2  
  126  10:03  Stalker  
  126  10:04  Stalker x4  
  138  10:10  Probe  
  138  10:12  Probe x2  
  141  10:14  High Templar x2  
  141  10:17  Shield Battery  
  141  10:20  Photon Cannon  
  145  10:22  Probe, Photon Cannon  
  145  10:25  Photon Cannon  
  145  10:26  Shield Battery  
  145  10:27  Probe x2  
  145  10:28  Shield Battery  
  148  10:31  Photon Cannon  
  148  10:32  Colossus (Chrono Boost)  
  148  10:34  Protoss Ground Weapons Level 3 (Chrono Boost), Probe  
  148  10:35  Assimilator  
  155  10:37  Protoss Shields Level 1 (Chrono Boost)  
  155  10:42  Extended Thermal Lance (Chrono Boost)  
  155  10:51  High Templar x2  
  155  10:52  High Templar x2  
  163  10:59  Zealot x2  
  163  11:00  Zealot x2  
  171  11:05  Shield Battery  
  171  11:09  Photon Cannon  
  171  11:18  Stalker x2  
  175  11:20  Stalker  
  175  11:22  Stalker  
  175  11:23  Zealot x2  
  175  11:24  Zealot x2  
  149  11:57  Nexus  
  149  11:58  Colossus (Chrono Boost)  
  149  12:00  Pylon  
  149  12:05  Oracle  
  149  12:08  Pylon  
  155  12:11  Probe x2  
  155  12:12  Photon Cannon  
  151  12:20  Gravitic Boosters (Chrono Boost)  
  152  12:23  Probe x2  
  154  12:30  Protoss Air Weapons Level 1 (Chrono Boost)  
  154  12:34  Probe  
  154  12:35  Probe x2, Photon Cannon  
  157  12:37  Shield Battery  
  157  12:46  Probe  
  157  12:48  Observer (Chrono Boost)  
  159  12:51  Stargate  
  159  12:56  Fleet Beacon  
  159  13:05  Zealot x3  
  161  13:06  Zealot x3  
  171  13:15  Oracle  
  139  13:36  Colossus  
  120  13:46  Stalker x3  
  120  13:47  Stalker x4  
  127  13:52  Oracle  
  127  13:54  Zealot  
  132  14:03  Assimilator  
  132  14:08  Photon Cannon  
  132  14:09  Probe  
  133  14:21  Photon Cannon  
  133  14:22  Photon Cannon, Nexus  
  133  14:23  Pylon  
  131  14:24  Photon Cannon  
  131  14:25  Shield Battery  
  131  14:26  Pylon  
  131  14:29  Colossus  
  133  14:32  Probe x3, Nexus  
  133  14:33  Pylon, Protoss Shields Level 2 (Chrono Boost)  
  133  14:34  Protoss Ground Armor Level 2 (Chrono Boost)  
  133  14:35  Pylon  
  130  14:38  Carrier  
  130  14:42  Carrier  
  140  14:51  Protoss Air Weapons Level 2 (Chrono Boost)  
  140  15:01  Probe x3  
  140  15:06  Shield Battery  
  143  15:09  Shield Battery  
  143  15:13  Photon Cannon  
  143  15:14  Shield Battery  
  143  15:15  Photon Cannon  
  143  15:16  Shield Battery  
  143  15:17  Photon Cannon  
  143  15:20  Photon Cannon  
  143  15:21  Probe x3  
  146  15:22  Photon Cannon  
  146  15:24  Photon Cannon  
  146  15:34  Carrier  
  146  15:41  Immortal  
  152  15:53  Carrier  
  147  16:15  Stalker x2  
  147  16:16  Stalker x4  
  147  16:17  Stalker x2  
  163  16:30  Probe x2  
  165  16:33  Photon Cannon  
  165  16:34  Probe x2  
  165  16:35  Photon Cannon  
  165  16:37  Photon Cannon  
  165  16:38  Tempest  
  172  16:42  Photon Cannon  
  172  16:43  Shield Battery  
  172  16:47  Zealot x4  
  172  16:48  Zealot x3  
  186  16:57  Assimilator x2  
  186  16:58  Dark Shrine, Carrier  
  192  17:04  Stargate  
  192  17:06  Stargate  
  192  17:07  Assimilator  
  192  17:12  Assimilator  
  186  17:15  Pylon  
  186  17:22  Carrier  
  188  17:25  Protoss Shields Level 3  
  184  17:34  Observer (Chrono Boost)  
  185  17:39  Protoss Air Weapons Level 3 (Chrono Boost)  
  185  17:45  Observer (Chrono Boost)  
  186  17:55  Photon Cannon  
  186  17:57  Shield Battery  
  174  17:59  Photon Cannon  
  174  18:00  Carrier x2  
  164  18:12  Carrier  
  170  18:18  Colossus  
  176  18:26  Carrier  
  164  18:44  Dark Templar x2  
  164  18:45  Dark Templar, Zealot x2  
  164  18:46  Zealot x2  
  178  18:59  Robotics Facility  
  178  19:00  Robotics Facility  
  178  19:04  Carrier x2  
  178  19:05  High Templar  
  178  19:16  Carrier  
  173  19:34  Colossus  
  178  19:52  Colossus  
  184  19:53  Carrier  
  184  19:59  Observer, Zealot x2  
  195  20:01  Zealot x2  
  199  20:24  Pylon  
  199  20:26  Pylon  
  199  20:28  Photon Cannon  
  199  20:29  Protoss Air Armor Level 1, Photon Cannon  
  199  20:31  Photon Cannon  
  191  20:55  Immortal x2  
  200  21:04  Observer  
  194  21:37  Nexus  
  194  21:38  Pylon  
  194  21:41  Pylon  
  194  21:44  Tempest  
  186  22:03  Stalker x4  
  188  22:20  Shield Battery  
  188  22:23  Shield Battery  
  188  22:24  Shield Battery  
  188  22:26  Photon Cannon  
  188  22:28  Photon Cannon  
  187  22:30  Photon Cannon  
  187  22:32  Photon Cannon  
  187  22:34  Photon Cannon  
  187  22:39  Unknown  
  180  22:50  Stalker x6  
  180  22:51  Stalker x2  
  187  23:00  Colossus x2  
  196  23:06  Blink (Chrono Boost)  
  196  23:14  Zealot x3  
  200  23:38  Protoss Air Armor Level 2 (Chrono Boost)  
  200  23:39  Tempest  
  183  23:56  Stalker x3  
  183  23:57  Stalker  
  183  23:58  Stalker x2  
  183  23:59  Stalker x2  
  200  24:25  Observer  
  200  24:56  Stalker x2  
  200  24:57  Stalker x6  
  189  25:09  Tempest x2  
  175  25:24  Colossus  
  176  25:29  Dark Templar x6  
  176  25:33  Zealot x2  
  188  26:02  Dark Templar  
  188  26:03  Dark Templar x2  
  200  26:29  Zealot x2  
  200  26:30  Zealot  
Tags
 
Add a new tag
Caveats
  • Supply blocks, unpowered buildings, or Contaminate may cause inaccurate times.
  • Supply counts are checked every 10 seconds.